TOP OF THE 1ST |
Topeka Tornados batting - Pitching for Detroit X-Wings : LHP Javier Duarte
|
Pitching: LHP Javier Duarte
|
|
Batting: RHB José Pinto
|
0-0: Ball 1-0: Ball 2-0: Ball 3-0: Base on Balls
|
Batting: LHB Ryan Drake
|
0-0: Called Strike 0-1: Ball 1-1: Ball 2-1: SINGLE (Groundball, 4MD) (infield hit) José Pinto to second
|
Batting: RHB Norberto Taváres
|
0-0: Ball 1-0: Foul Ball, location: 2F 1-1: Foul Ball, location: 2F 1-2: Ball 2-2: Ball 3-2: Fly out, F8 (Line Drive, 8LM)
|
Batting: RHB Alberto Campos
|
0-0: Swinging Strike 0-1: Foul Ball, location: 2F 0-2: Foul Ball, location: 2F 0-2: Ball 1-2: Ball 2-2: Strikes out swinging
|
Batting: RHB Bob Hall
|
0-0: Ball 1-0: SINGLE (Flyball, 78S) José Pinto to third Ryan Drake to second Runner from 3rd tries for Home, SAFE, no throw or cutoff
|
Batting: LHB Yoshiaki Ohayashi
|
0-0: Ball 1-0: Ball 2-0: Called Strike 2-1: Ball 3-1: Called Strike 3-2: Foul Ball, location: 2F 3-2: Foul Ball, location: 2F 3-2: Base on Balls Ryan Drake to third Bob Hall to second
|
Batting: LHB Morgan Wright
|
0-0: Fly out, F5 (Popup, 5S)
|
Top of the 1st over - 1 run(s), 2 hit(s), 0 error(s), 3 left on base; Topeka 1 - Detroit 0 |
BOTTOM OF THE 1ST |
Detroit X-Wings batting - Pitching for Topeka Tornados : LHP Seiichi Yamamoto
|
Pitching: LHP Seiichi Yamamoto
|
|
Batting: RHB Yoshitsune Kamida
|
0-0: Ball 1-0: Ground out 5-3 (Groundball, 5)
|
Batting: SHB Felipe Detorres
|
0-0: Foul Ball, location: 2F 0-1: Called Strike 0-2: Ball 1-2: Fly out, F8 (Flyball, 8RM)
|
Batting: RHB Diego Ocampo
|
0-0: Ball 1-0: Swinging Strike 1-1: Ball 2-1: SINGLE (Groundball, 56D)
|
Batting: LHB Juan Jose Pineda
|
0-0: Called Strike 0-1: Ball 1-1: Foul Ball, location: 2F 1-2: Ball 2-2: Foul Ball, location: 2F 2-2: Strikes out looking
|
Bottom of the 1st over - 0 run(s), 1 hit(s), 0 error(s), 1 left on base; Topeka 1 - Detroit 0 |
TOP OF THE 2ND |
Topeka Tornados batting - Pitching for Detroit X-Wings : LHP Javier Duarte
|
Batting: RHB Cho-yun Qiao
|
0-0: Called Strike 0-1: Ball 1-1: Ground out 5-3 (Groundball, 5)
|
Batting: RHB Armando Méndez
|
0-0: Ball 1-0: Fly out, F7 (Flyball, 7M)
|
Batting: RHB José Pinto
|
0-0: Ball 1-0: Fly out, F8 (Flyball, 8LM)
|
Top of the 2nd over - 0 run(s), 0 hit(s), 0 error(s), 0 left on base; Topeka 1 - Detroit 0 |
BOTTOM OF THE 2ND |
Detroit X-Wings batting - Pitching for Topeka Tornados : LHP Seiichi Yamamoto
|
Batting: SHB Jaime Montés
|
0-0: Ball 1-0: Ball 2-0: Ball 3-0: Base on Balls
|
Batting: RHB Gary Witt
|
0-0: Ball 1-0: Foul Ball, location: 2F 1-1: Fly out, F8 (Line Drive, 8LM)
|
Batting: LHB Jeremy Cox
|
0-0: Ball 1-0: Foul Ball, location: 2F 1-1: Grounds into double play, 6-4-3 (Groundball, 6)
|
Bottom of the 2nd over - 0 run(s), 0 hit(s), 0 error(s), 0 left on base; Topeka 1 - Detroit 0 |
TOP OF THE 3RD |
Topeka Tornados batting - Pitching for Detroit X-Wings : LHP Javier Duarte
|
Batting: LHB Ryan Drake
|
0-0: Ball 1-0: Foul Ball, location: 2F 1-1: Fly out, F8 (Line Drive, 8RM)
|
Batting: RHB Norberto Taváres
|
0-0: Ball 1-0: Ball 2-0: Ball 3-0: Base on Balls
|
Pitching: RHP Carlos Díaz
|
|
Batting: RHB Alberto Campos
|
0-0: Ball 1-0: Ball Norberto Taváres steals 2nd base 2-0: DOUBLE (Line Drive, 8LD) Norberto Taváres scores
|
Batting: RHB Bob Hall
|
0-0: Ball 1-0: Ball 2-0: Called Strike 2-1: Fly out, F8 (Flyball, 8LXD) Runner from 2nd tags up, SAFE at 3rd, no throw
|
Batting: LHB Yoshiaki Ohayashi
|
0-0: Ball 1-0: Ball 2-0: Called Strike 2-1: Foul Ball, location: 2F 2-2: Ground out 2-3 (Groundball, 2L)
|
Top of the 3rd over - 1 run(s), 1 hit(s), 0 error(s), 1 left on base; Topeka 2 - Detroit 0 |
BOTTOM OF THE 3RD |
Detroit X-Wings batting - Pitching for Topeka Tornados : LHP Seiichi Yamamoto
|
Batting: RHB Vincente Encarnación
|
0-0: Ball 1-0: Ball 2-0: Reached on Error, E7 (Flyball, 78S)
|
Batting: SHB Javier Jiménez
|
0-0: Called Strike 0-1: Swinging Strike 0-2: Strikes out swinging
|
Batting: RHB Yoshitsune Kamida
|
0-0: Ball 1-0: Ball 2-0: Ball 3-0: Called Strike 3-1: SINGLE (Line Drive, 8RS) Vincente Encarnación to second
|
Batting: SHB Felipe Detorres
|
0-0: Ball 1-0: Ball 2-0: Called Strike 2-1: Fly out, F8 (Flyball, 8RM)
|
Batting: RHB Diego Ocampo
|
0-0: Swinging Strike 0-1: Ball 1-1: Ball 2-1: Swinging Strike 2-2: Strikes out swinging
|
Bottom of the 3rd over - 0 run(s), 1 hit(s), 1 error(s), 2 left on base; Topeka 2 - Detroit 0 |
TOP OF THE 4TH |
Topeka Tornados batting - Pitching for Detroit X-Wings : RHP Carlos Díaz
|
Batting: LHB Morgan Wright
|
0-0: SOLO HOME RUN (Flyball, 7D), Distance : 371 ft
|
Batting: RHB Cho-yun Qiao
|
0-0: Ball 1-0: Ball 2-0: Swinging Strike 2-1: SINGLE (Groundball, 56)
|
Batting: RHB Armando Méndez
|
0-0: Called Strike 0-1: Fly out, F7 (Flyball, 8LM)
|
Batting: RHB José Pinto
|
0-0: Called Strike 0-1: Called Strike 0-2: Ball 1-2: Foul Ball, location: 2F 1-2: Foul Ball, location: 2F 1-2: Ball 2-2: Foul Ball, location: 2F 2-2: Ball 3-2: Base on Balls Cho-yun Qiao to second
|
Batting: LHB Ryan Drake
|
0-0: Called Strike 0-1: Swinging Strike 0-2: Fly out, F8 (Line Drive, 8RM)
|
Batting: RHB Norberto Taváres
|
0-0: Called Strike 0-1: Ball 1-1: Foul Ball, location: 2F 1-2: Ball 2-2: Ball 3-2: Strikes out swinging
|
Top of the 4th over - 1 run(s), 2 hit(s), 0 error(s), 2 left on base; Topeka 3 - Detroit 0 |
BOTTOM OF THE 4TH |
Detroit X-Wings batting - Pitching for Topeka Tornados : LHP Seiichi Yamamoto
|
Batting: LHB Juan Jose Pineda
|
0-0: Ball 1-0: SINGLE (Line Drive, 8LS)
|
Batting: SHB Jaime Montés
|
0-0: Ball 1-0: Ball 2-0: Fly out, F9 (Flyball, 9LS)
|
Batting: RHB Gary Witt
|
0-0: Ball 1-0: Called Strike 1-1: Grounds into double play, 4-6-3 (Groundball, 4)
|
Bottom of the 4th over - 0 run(s), 1 hit(s), 0 error(s), 0 left on base; Topeka 3 - Detroit 0 |
TOP OF THE 5TH |
Topeka Tornados batting - Pitching for Detroit X-Wings : RHP Carlos Díaz
|
Batting: RHB Alberto Campos
|
0-0: Ball 1-0: Called Strike 1-1: Called Strike 1-2: Foul Ball, location: 2F 1-2: Ball 2-2: Foul Ball, location: 2F 2-2: Ball 3-2: Foul Ball, location: 2F 3-2: Fly out, F4 (Line Drive, 4)
|
Batting: RHB Bob Hall
|
0-0: Swinging Strike 0-1: Called Strike 0-2: Ball 1-2: Strikes out swinging
|
Batting: LHB Yoshiaki Ohayashi
|
0-0: Ball 1-0: Foul Ball, location: 2F 1-1: Ball 2-1: Ball 3-1: Ground out 6-3 (Groundball, 6M)
|
Top of the 5th over - 0 run(s), 0 hit(s), 0 error(s), 0 left on base; Topeka 3 - Detroit 0 |
BOTTOM OF THE 5TH |
Detroit X-Wings batting - Pitching for Topeka Tornados : LHP Seiichi Yamamoto
|
Batting: LHB Jeremy Cox
|
0-0: Called Strike 0-1: SINGLE (Line Drive, 7LS)
|
Batting: RHB Vincente Encarnación
|
0-0: Fly out, F9 (Line Drive, 9M)
|
Batting: SHB Javier Jiménez
|
0-0: Ball 1-0: Ball 2-0: Ball 3-0: Base on Balls Jeremy Cox to second
|
Batting: RHB Yoshitsune Kamida
|
0-0: Ball 1-0: Fly out, F2 (Popup, 23F)
|
Batting: SHB Felipe Detorres
|
0-0: Ball 1-0: Fly out, F7 (Flyball, 78M)
|
Bottom of the 5th over - 0 run(s), 1 hit(s), 0 error(s), 2 left on base; Topeka 3 - Detroit 0 |
TOP OF THE 6TH |
Topeka Tornados batting - Pitching for Detroit X-Wings : RHP Carlos Díaz
|
Batting: LHB Morgan Wright
|
0-0: Ball 1-0: Called Strike 1-1: Foul Ball, location: 2F 1-2: Strikes out looking
|
Batting: RHB Cho-yun Qiao
|
0-0: Called Strike 0-1: Swinging Strike 0-2: Ball 1-2: DOUBLE (Line Drive, 78XD)
|
Batting: RHB Armando Méndez
|
0-0: Called Strike 0-1: Ball 1-1: Ground out 5-3 (Groundball, 5S) Cho-yun Qiao to third
|
Batting: RHB José Pinto
|
0-0: Called Strike 0-1: Swinging Strike 0-2: Ball 1-2: Ball 2-2: Foul Ball, location: 2F 2-2: Ground out 1-3 (Groundball, 13S)
|
Top of the 6th over - 0 run(s), 1 hit(s), 0 error(s), 1 left on base; Topeka 3 - Detroit 0 |
BOTTOM OF THE 6TH |
Detroit X-Wings batting - Pitching for Topeka Tornados : LHP Seiichi Yamamoto
|
Batting: RHB Diego Ocampo
|
0-0: Ball 1-0: Called Strike 1-1: Foul Ball, location: 2F 1-2: Ball 2-2: Foul Ball, location: 2F 2-2: Strikes out swinging
|
Batting: LHB Juan Jose Pineda
|
0-0: Called Strike 0-1: Ball 1-1: Foul Ball, location: 2F 1-2: Ball 2-2: Ball 3-2: Strikes out swinging
|
Batting: SHB Jaime Montés
|
0-0: Ball 1-0: Foul Ball, location: 2F 1-1: Called Strike 1-2: Ball 2-2: Strikes out swinging
|
Bottom of the 6th over - 0 run(s), 0 hit(s), 0 error(s), 0 left on base; Topeka 3 - Detroit 0 |
TOP OF THE 7TH |
Topeka Tornados batting - Pitching for Detroit X-Wings : RHP Carlos Díaz
|
Pitching: RHP Gabriel Ruíz
|
|
Batting: LHB Ryan Drake
|
0-0: Fly out, F4 (Popup, 34D)
|
Batting: RHB Norberto Taváres
|
0-0: Swinging Strike 0-1: Called Strike 0-2: Ball 1-2: Ball 2-2: Strikes out swinging
|
Batting: RHB Alberto Campos
|
0-0: Called Strike 0-1: Foul Ball, location: 2F 0-2: Ball 1-2: Ball 2-2: Foul Ball, location: 2F 2-2: Foul Ball, location: 2F 2-2: Fly out, F7 (Flyball, 78D)
|
Top of the 7th over - 0 run(s), 0 hit(s), 0 error(s), 0 left on base; Topeka 3 - Detroit 0 |
BOTTOM OF THE 7TH |
Detroit X-Wings batting - Pitching for Topeka Tornados : LHP Seiichi Yamamoto
|
Batting: RHB Gary Witt
|
0-0: Ball 1-0: Ball 2-0: Foul Ball, location: 2F 2-1: SINGLE (Line Drive, 56)
|
Batting: LHB Jeremy Cox
|
0-0: Called Strike 0-1: Ball 1-1: Foul Ball, location: 2F 1-2: Strikes out swinging
|
Batting: RHB Vincente Encarnación
|
0-0: Ball 1-0: Ground out 2-3 (Groundball, 25) Gary Witt to second
|
Batting: SHB Javier Jiménez
|
0-0: Called Strike 0-1: Called Strike 0-2: Foul Ball, location: 2F 0-2: Ball 1-2: Ball 2-2: DOUBLE (Line Drive, 7LM) Gary Witt scores
|
Batting: RHB Yoshitsune Kamida
|
0-0: Ball 1-0: Ball 2-0: Foul Ball, location: 2F 2-1: Ball 3-1: Base on Balls
|
Pitching: LHP Glenn Tutt
|
|
Pinch Runner at 2nd Rick Anderson:
|
|
Batting: SHB Felipe Detorres
|
0-0: Ball 1-0: Ground out 6-3 (Groundball, 6)
|
Bottom of the 7th over - 1 run(s), 2 hit(s), 0 error(s), 2 left on base; Topeka 3 - Detroit 1 |
TOP OF THE 8TH |
Topeka Tornados batting - Pitching for Detroit X-Wings : RHP Gabriel Ruíz
|
Batting: RHB Bob Hall
|
0-0: Called Strike 0-1: Swinging Strike 0-2: Foul Ball, location: 2F 0-2: Ball 1-2: Ball 2-2: Ground out 6-3 (Groundball, 6M)
|
Batting: LHB Yoshiaki Ohayashi
|
0-0: Ball 1-0: Foul Ball, location: 2F 1-1: Ball 2-1: Foul Ball, location: 2F 2-2: Ball 3-2: SOLO HOME RUN (Flyball, 78XD), Distance : 406 ft
|
Batting: LHB Morgan Wright
|
0-0: Ball 1-0: Called Strike 1-1: Fly out, F6 (Popup, 6S)
|
Batting: RHB Cho-yun Qiao
|
0-0: Called Strike 0-1: Ball 1-1: Swinging Strike 1-2: Strikes out swinging
|
Top of the 8th over - 1 run(s), 1 hit(s), 0 error(s), 0 left on base; Topeka 4 - Detroit 1 |
BOTTOM OF THE 8TH |
Detroit X-Wings batting - Pitching for Topeka Tornados : LHP Glenn Tutt
|
Now in RF: Gabriel Santana
|
|
Batting: RHB Diego Ocampo
|
0-0: Ball 1-0: Ball 2-0: Ground out 6-3 (Groundball, 6)
|
Batting: LHB Juan Jose Pineda
|
0-0: Ball 1-0: Ball 2-0: Fly out, F7 (Flyball, 78S)
|
Batting: SHB Jaime Montés
|
0-0: Ball 1-0: SINGLE (Line Drive, 89S)
|
Pitching: RHP Alberto Vásquez
|
|
Batting: RHB Gary Witt
|
0-0: Foul Ball, location: 2F 0-1: Ball 1-1: Ball 2-1: Ball 3-1: Called Strike 3-2: Ground out 5-3 (Groundball, 5L)
|
Bottom of the 8th over - 0 run(s), 1 hit(s), 0 error(s), 1 left on base; Topeka 4 - Detroit 1 |
TOP OF THE 9TH |
Topeka Tornados batting - Pitching for Detroit X-Wings : RHP Gabriel Ruíz
|
Batting: RHB Armando Méndez
|
0-0: Swinging Strike 0-1: Ground out 5-3 (Groundball, 5)
|
Batting: RHB José Pinto
|
0-0: Called Strike 0-1: Ball 1-1: Swinging Strike 1-2: Strikes out swinging
|
Batting: LHB Ryan Drake
|
0-0: Ball 1-0: Swinging Strike 1-1: SINGLE (Line Drive, 9S)
|
Batting: RHB Norberto Taváres
|
0-0: Called Strike 0-1: Ball 1-1: Swinging Strike 1-2: Foul Ball, location: 2F 1-2: Ball 2-2: Strikes out swinging
|
Top of the 9th over - 0 run(s), 1 hit(s), 0 error(s), 1 left on base; Topeka 4 - Detroit 1 |
BOTTOM OF THE 9TH |
Detroit X-Wings batting - Pitching for Topeka Tornados : RHP Alberto Vásquez
|
Pitching: LHP Jeremy Meyer
|
|
Batting: LHB Jeremy Cox
|
0-0: Called Strike 0-1: Bunt for hit - play at first, batter OUT! 3-4
|
Batting: RHB Vincente Encarnación
|
0-0: Ground out 5-3 (Groundball, 5)
|
Batting: RHB Rick Anderson
|
0-0: Ball 1-0: Swinging Strike 1-1: Foul Ball, location: 2F 1-2: Foul Ball, location: 2F 1-2: Ball 2-2: Foul Ball, location: 2F 2-2: Ball 3-2: Foul Ball, location: 2F 3-2: Base on Balls
|
Batting: RHB Yoshitsune Kamida
|
0-0: Hit by Pitch Rick Anderson to second
|
Batting: SHB Felipe Detorres
|
0-0: Called Strike 0-1: Called Strike 0-2: Strikes out swinging
|
Bottom of the 9th over - 0 run(s), 0 hit(s), 0 error(s), 2 left on base; Topeka 4 - Detroit 1 |
|